 Dungeon Crawl Stone Soup version 0.30-a0-23-ge60ba3568b (webtiles) character file.

Game seed: 5673599352597043585

3 ytrimaz the Charlatan (level 1, -2/15 HPs)
             Began as a Demonspawn Artificer on Aug 24, 2022.
             Slain by a hobgoblin (4 damage)
             ... on level 1 of the Dungeon.
             The game lasted 00:00:39 (92 turns).

ytrimaz the Charlatan (Demonspawn Artificer)          Turns: 92, Time: 00:00:39

Health: -2/15      AC:  3    Str: 12    XL:     1   Next: 41%
Magic:  1/1        EV: 11    Int: 12    God:
Gold:   0          SH:  0    Dex: 13    Spells: 0/0 levels left

rFire   . . .      SeeInvis .    a - +0 club
rCold   . . .      Faith    .    (no shield)
rNeg    . . .      Spirit   .    b - +0 leather armour
rPois   .          Reflect  .    (no helmet)
rElec   .          Harm     .    (no cloak)
rCorr   .          Rampage  .    (no gloves)
Will    .....                    (no boots)
Stlth   +.........               (no amulet)
HPRegen 0.05/turn                (no ring)
MPRegen 0.07/turn                (no ring)

@: no status effects
A: no striking features
a: no special abilities


You were on level 1 of the Dungeon.
You visited 1 branch of the dungeon, and saw 1 of its levels.

Inventory:

Hand Weapons
 a - a +0 club (weapon)
Armour
 b - a +0 leather armour (worn)
Wands
 c - a wand of flame (14)
 d - a wand of charming (13) (quivered)
 e - a wand of iceblast (5)
Scrolls
 g - a scroll of immolation {unknown}
Potions
 f - a potion of curing {unknown}


   Skills:
 + Level 1.0 Fighting
 - Level 1.7 Armour
 - Level 0.8 Dodging
 - Level 0.8 Stealth
 + Level 3.2 Evocations


You couldn't memorise any spells.
You didn't know any spells.
Your spell library was empty.

Dungeon Overview and Level Annotations

Branches:
Dungeon (1/15)

Altars:


Message History

Unknown command.
Unknown command.
You aren't carrying any potions.
Unknown command.
Unknown command.
You are too injured to fight recklessly!
Unknown command.
Aiming: Charm
Press: ? - help, Q - select action, (/) - cycle Shift-Dir - straight line, f/p - jackal
Aim: a jackal (chance to affect: 73%)
The jackal is charmed.
The jackal bites your jackal.
Unknown command.
You swap places.
The jackal barely misses you. The jackal bites you.
* * * LOW HITPOINT WARNING * * *
Unknown command.
You swap places.
Your jackal bites the jackal.
The jackal closely misses your jackal.
Your jackal bites the jackal but does no damage.
The jackal misses your jackal.
Your jackal barely misses the jackal.
The jackal misses your jackal.
Your jackal closely misses the jackal.
The jackal barely misses your jackal.
You see here a sedimented green potion.
f - a sedimented green potion Your jackal closely misses the jackal.
The jackal closely misses your jackal.
Your jackal barely misses the jackal.
The jackal bites your jackal.
Your jackal bites the jackal.
The jackal closely misses your jackal.
Found a dagger.
You see here a scroll labelled FIMOL JITUU.
g - a scroll labelled FIMOL JITUU You are too injured to fight recklessly!
You are too injured to fight recklessly!
You barely miss the hobgoblin.
The hobgoblin hits you but does no damage.
You hit the hobgoblin.
The hobgoblin is heavily wounded.
The hobgoblin hits you.
* * * LOW HITPOINT WARNING * * *
The hobgoblin hits you.
You die...

P...P...##.#.##..# ... #
........)..#.##..###..####.#
..<.....#†.................#
.............##..####.~~~..#
P...P..###.####....h..$_~.#
..(..#.# #.# #.#####.~~~.#
.#.###.....# #.###.......#
.### ##########.#.h.......#
. ....)...@g# ###..# #
....................
.######...#..... .## ....#
#### # ...... .....###
####.## #.#


You could see a jackal and a hobgoblin.

Vanquished Creatures
  A goblin (D:1)
  A hobgoblin (D:1)
  A frilled lizard (D:1)
3 creatures vanquished.

Vanquished Creatures (others)
  A jackal (D:1)
1 creature vanquished.

Grand Total: 4 creatures vanquished

Notes
Turn   | Place    | Note
-------+----------+-------------------------------------------
     0 | D:1      | ytrimaz the Demonspawn Artificer began the quest for the
                  | Orb.
     0 | D:1      | Reached XP level 1. HP: 15/15 MP: 1/1
    67 | D:1      | Found a faded altar of an unknown god.
    92 | D:1      | Slain by a hobgoblin

Illustrated notes

Levels and vault maps discovered:
D:1:      dpeg_arrival_orchard, layout_loops_corners,
          hellmonk_ecumenical_altar_pennies_from_heaven, minmay_vboxes

Action                   || total
-------------------------++-------
Melee: Club              ||    14
       Punch             ||     1
Evoke: Wand              ||     3
Armor: Leather armour    ||     7
Dodge: Dodged            ||    14

Table legend: (Time is in decaauts)
 A = Elapsed time spent in this place.
 B = Non-inter-level travel time spent in this place.
 C = Inter-level travel time spent in this place.
 D = Time resting spent in this place.
 E = Time spent auto-exploring this place.
 F = Levels seen in this place.
 G = Mean time per level.
                   A        B        C        D        E       F      G
               +--------+--------+--------+--------+--------+-----+--------+
         Total |     95 |     95 |      0 |      0 |     46 |   1 |   95.0 |
       Dungeon |     95 |     95 |      0 |      0 |     46 |   1 |   95.0 |
               +--------+--------+--------+--------+--------+-----+--------+

Top non-repeatable levels by time:
     D:1: 95 daAuts
